 Dungeon Crawl Stone Soup version 0.26.1-2-gb8aa6d0cf2 (webtiles) character file.

Game seed: 13712060943395258430

36 Allula97 the Gusty (level 3, -7/20 HPs)
             Began as a Tengu Air Elementalist on Mar 11, 2021.
             Killed from afar by Sigmund (12 damage)
             ... with a puff of flame
             ... on level 2 of the Dungeon.
             The game lasted 00:04:23 (1648 turns).

Allula97 the Gusty (Tengu Air Elementalist)         Turns: 1648, Time: 00:04:24

Health: -7/20      AC:  3    Str:  8    XL:     3   Next: 37%
Magic:  4/7        EV: 12    Int: 16    God:
Gold:   51         SH:  0    Dex: 14    Spells: 3/6 levels left

rFire    . . .     SeeInvis .   d - +0 hand axe
rCold    . . .     Faith    .   (no shield)
rNeg     . . .     Spirit   .   g - +0 leather armour
rPois    .         Reflect  .   (helmet restricted)
rElec    .         Harm     .   (no cloak)
rCorr    .         Rampage  .   (no gloves)
Will     .....                  (boots unavailable)
Stlth    ++........             (no amulet)
HPRegen  0.06/turn              (no ring)
MPRegen  0.10/turn              (no ring)

@: very slightly contaminated
A: beak, talons 3
a: no special abilities


You were on level 2 of the Dungeon.
You visited 1 branch of the dungeon, and saw 2 of its levels.

You collected 51 gold pieces.

Inventory:

Hand Weapons
 d - a +0 hand axe (weapon)
Armour
 c - a +0 chain mail
 g - a +0 leather armour (worn)
Jewellery
 h - a +6 ring of dexterity {unknown}
Scrolls
 a - a scroll of blinking {unknown}
 b - 6 scrolls of identify {unknown}
 e - 5 scrolls of teleportation {unknown}
Potions
 f - a potion of degeneration {unknown}
 i - a potion of resistance {unknown}


   Skills:
 * Level 0.9 Fighting
 * Level 0.2 Axes
 * Level 0.6 Armour
 * Level 2.4 Dodging
 + Level 2.1 Stealth
 * Level 2.3 Spellcasting
 * Level 2.0 Conjurations
 + Level 4.4 Air Magic


You had 3 spell levels left.
You knew the following spells:

 Your Spells              Type           Power        Failure   Level
a - Shock                 Conj/Air       48%          8%          1
b - Swiftness             Air            16%          7%          2

Your spell library contained the following spells:

 Spells                   Type           Power        Failure   Level
 Static Discharge         Conj/Air       12%          22%         3
 Airstrike                Air            8%           41%         4
 Lightning Bolt           Conj/Air       6%           91%         5


Dungeon Overview and Level Annotations

Branches:
Dungeon (2/15)

Altars:

Annotations:
D:2 Sigmund


Innate Abilities, Weirdness & Mutations

You have a beak for a mouth.
You have claws for feet.


Message History

The zap misses Sigmund.
The zap hits Sigmund.
Sigmund is moderately wounded.
Casting: Shock (safe; 8% risk of failure)
Confirm with . or Enter, or press ? or * to list all spells.
Aiming: Shock (safe; 8% risk of failure)
Press: ? - help, Shift-Dir - straight line The zap hits Sigmund.
Sigmund is heavily wounded.
Sigmund barely misses you.
Casting: Shock (safe; 8% risk of failure)
Confirm with . or Enter, or press ? or * to list all spells.
Aiming: Shock (safe; 8% risk of failure)
Press: ? - help, Shift-Dir - straight line You miscast Shock.
You are very lightly contaminated with residual magic.
Nothing appears to happen.
Sigmund points at you and mumbles some strange words.
The puff of flame hits you!
Ouch! That really hurt!
You die...

#.#.###### #.#.#
#.## #.#..<...#
#.#.# #.##
#.######.# #.#.#
#.## #.# #.#
#.#.# #... #.#
#.# #.#.. ...#
#.# #.# #.###
..... #.### ####
#.#.#########.#
#...@..@......#
##.#.###########
#....#
#...........#
######....###
#....## #..###
#.. #.#


You could see Sigmund.

Vanquished Creatures
  An adder (D:2)
  A dart slug (D:1)
  A giant cockroach (D:1)
  2 goblins
  6 hobgoblins
  3 jackals (D:1)
  2 bats (D:1)
  2 frilled lizards (D:1)
  6 rats (D:1)
24 creatures vanquished.

Notes
Turn   | Place    | Note
-------+----------+-------------------------------------------
     0 | D:1      | Allula97 the Tengu Air Elementalist began the quest for the
                  | Orb.
     0 | D:1      | Reached XP level 1. HP: 10/10 MP: 4/4
   380 | D:1      | Reached XP level 2. HP: 7/16 MP: 0/6
   708 | D:1      | Learned a level 2 spell: Swiftness
  1113 | D:1      | Reached XP level 3. HP: 20/20 MP: 7/7
  1633 | D:2      | Noticed Sigmund
  1648 | D:2      | Killed from afar by Sigmund

Illustrated notes

Levels and vault maps discovered:
D:1:      scummos_arrival_hexagon, layout_basic
D:2:      minmay_evil_eye, layout_loops_ring,
          grunt_temple_overflow_gold_and_silver, general_overflow_altar,
          uniq_sigmund

Skill      XL: |  1  2  3 |
---------------+----------+-----
Conjurations   | 2 |  2.0
Fighting       | |  0.9
Axes           | |  0.2
Armour         | |  0.6
Dodging        | |  2.4
Stealth        | |  2.1
Spellcasting   | |  2.3
Air Magic      | |  4.4

Action                   || total
-------------------------++-------
Melee: Hand axe          ||    21
       Kick              ||     5
       Peck              ||     3
       Unarmed           ||     2
 Cast: Shock             ||    35
 Stab: Sleeping          ||     5
Armor: Robe              ||     2
       Leather armour    ||    11
Dodge: Dodged            ||    14
